 Dungeon Crawl Stone Soup version 0.22-a0-407-gb098539 (webtiles) character file.

17 Gorglomux the Ruffian (level 2, -3/29 HPs)
             Began as a Troll Fighter on May 9, 2018.
             Slain by an orc warrior
             ... wielding a +0 glaive
              (27 damage)
             ... on level 2 of the Dungeon.
             The game lasted 00:00:19 (274 turns).

Gorglomux the Ruffian (Troll Fighter)                Turns: 274, Time: 00:00:19

Health: -3/29      AC:  5    Str: 23    XL:     2   Next: 44%
Magic:  1/1        EV:  8    Int:  4    God:
Gold:   61         SH:  8    Dex:  9    Spells: 1/1 levels left

rFire    . . .     SeeInvis .     - Unarmed
rCold    . . .     Gourm    +   b - +0 shield
rNeg     . . .     Faith    .   a - +0 robe
rPois    .         Spirit   .   (helmet restricted)
rElec    .         Reflect  .   (no cloak)
rCorr    .         Harm     .   (gloves unavailable)
MR       .....                  (boots unavailable)
Stlth    +.........             e - amulet of magic regeneration
HPRegen  0.49/turn              (no ring)
MPRegen  0.32/turn              (no ring)

@: no status effects
A: large, unfitting armour, claws 3, fast metabolism 3, gourmand, regeneration
1, shaggy fur 1, tough skin 2
a: no special abilities


You were on level 2 of the Dungeon.
You were not hungry.

You visited 1 branch of the dungeon, and saw 2 of its levels.

You collected 61 gold pieces.

Inventory:

Armour
 a - a +0 robe (worn)
 b - a +0 shield (worn)
Jewellery
 e - an amulet of magic regeneration (around neck)
Potions
 c - a potion of might
Comestibles
 d - 4 rations


   Skills:
 - Level 2.4 Fighting
 - Level 2.4 Dodging
 - Level 2.4 Shields
 + Level 3.1 Unarmed Combat


You had one spell level left.
You didn't know any spells.

Dungeon Overview and Level Annotations

Branches:
Dungeon (2/15)

Altars:


Innate Abilities, Weirdness & Mutations

You are too large for most types of armour.
You have claws for hands.
Your metabolism is lightning-fast.
You like to eat raw meat.
Your natural rate of healing is unusually fast.
You are covered in fur. (AC +1)
You have very tough skin. (AC +2)


Message History

An orc comes into view! It is wielding a butt axe!
The orc shouts!!!
You eviscerate the orc wizard!
The butt wizard is moderately wounded!
You hear a shout!!!
The orc butt hits you but does no damage!
The orc warrior hits you from afar with a glaive!!!
Unknown command!
You eviscerate the orc wizard!
The orc wizard is heavily wounded!
You block the orc wizard's attack!
A goblin comes into view! It is wielding a dagger!
You eviscerate the orc warrior!
The orc warrior is moderately wounded!
The orc warrior completely misses you!
You eviscerate the orc warrior butt do no damage!
The orc warrior is moderately wounded!
The orc butt hits you with a glaive!!!!!!
DANG rip

#.##...##
#.###.##
######.#
#.#
#......#
#.#
#.######
#.# #.#
#.# #.#
#.# #.#
#.# #@#
#.# #o#
#o# #S#
#o#


.og ### You could see an orc warrior, an orc wizard, an adder, 2 orcs and a
goblin.

Vanquished Creatures
  An adder (D:2)
  3 bats
  3 kobolds
  2 frilled lizards (D:1)
9 creatures vanquished.

Notes
Turn   | Place    | Note
-------+----------+-------------------------------------------
     0 | D:1      | Gorglomux the Troll Fighter began the quest for the Orb.
     0 | D:1      | Reached XP level 1. HP: 22/22 MP: 0/0
   207 | D:2      | Reached skill level 3 in Unarmed Combat
   207 | D:2      | Reached XP level 2. HP: 25/29 MP: 1/1
   265 | D:2      | Noticed an orc warrior
   274 | D:2      | Slain by an orc warrior

Vault maps used:
D:1:      giann_bridges, bh_walls_and_bars
D:2:      nicolae_gozag_seed_capital, uniq_jessica

Skill      XL: |  1 |
---------------+----+-----
Unarmed Combat | 3 |  3.1
Fighting       | |  2.4
Dodging        | |  2.4
Shields        | |  2.4

Action                   || total
-------------------------++-------
Melee: Unarmed           ||    33
  Eat: Chunk             ||     3
Armor: Robe              ||    13
Dodge: Dodged            ||    15
Block: Shield            ||    18

Table legend:
 A = Spawn XP
 B = Non-spawn XP
 C = Spawn XP percentage of total XP
 D = Spawn monster count
 E = Non-spawn monster count
 F = Spawn count percentage of total count
 G = Total turns spent on level
                    A         B        C        D         E        F      G
               +---------+---------+-------+---------+---------+-------+---------
         Total |       0 |      25 |   0.0 |       0 |       9 |   0.0 |   274
               +---------+---------+-------+---------+---------+-------+---------
           D:1 |       0 |       8 |   0.0 |       0 |       6 |   0.0 |   153
           D:2 |       0 |      17 |   0.0 |       0 |       3 |   0.0 |   121
               +---------+---------+-------+---------+---------+-------+---------
